[ PARTIDA AOE2 · #506096563 ]
UnrankedChinos vs Maya
Equipo del jugador · VICT
Equipo rival · DERR
[ ANÁLISIS DE REPETICIÓN · EXTRAÍDO DE LA PARTIDA GRABADA ]
Feudal
8:58
Castillos
23:05
Imperial
—
| APM promedio | 50.7 |
| APM pico | 91 |
| eAPM promedio | 20.3 |
| Aldeanos / militares | 64 / 62 |
Foco
⚔️ 39.2% · 🌾 60.8%
Archer ×34 · Militia ×19 · Skirmisher ×5 · Monk ×2 · Spearman ×2
Feudal
10:30
Castillos
20:58
Imperial
—
| APM promedio | 59.5 |
| APM pico | 91 |
| eAPM promedio | 26.5 |
| Aldeanos / militares | 84 / 60 |
Foco
⚔️ 36.7% · 🌾 63.3%
Eagle Scout ×37 · Archer ×11 · Skirmisher ×8 · Militia ×4
Mapa de la partida
Recursos iniciales + cada clic de construcción. Líneas = muros · curvas = relieve. ◆ oro · ⬟ piedra · ● bayas · ✦ reliquia · ◌ hueco del cierre
Tu base· Abierta — el rival se encerró
Base de Wingardium Leviosa· ✓ Cerrada en 20:58 · 40t muro · sin puerta
Terreno inicial suavizado · ◌ = hueco del cierre detectado · pasá el cursor para detalles
Inputs por minuto
— wgxseed - - Wingardium Leviosa
Build order — wgxseed
Primeras 150 de 206 acciones detectadas
| 0:01 | Investigar | Loom |
| 0:46 | Crear | Villager (Male) |
| 0:46 | Crear | Villager (Male) |
| 1:09 | Crear | Villager (Male) |
| 1:10 | Crear | Villager (Male) |
| 1:34 | Crear | Villager (Male) |
| 1:34 | Crear | Villager (Male) |
| 2:07 | Crear | Villager (Male) |
| 2:07 | Crear | Villager (Male) |
| 2:13 | Construir | Lumber Camp |
| 2:28 | Crear | Villager (Male) |
| 2:28 | Crear | Villager (Male) |
| 2:47 | Crear | Villager (Male) |
| 2:48 | Crear | Villager (Male) |
| 3:05 | Construir | House |
| 3:09 | Crear | Villager (Male) |
| 3:53 | Crear | Villager (Male) |
| 4:05 | Crear | Villager (Male) |
| 4:31 | Crear | Villager (Male) |
| 4:32 | Crear | Villager (Male) |
| 4:34 | Construir | Mill |
| 5:13 | Construir | House |
| 5:25 | Crear | Villager (Male) |
| 5:43 | Crear | Villager (Male) |
| 5:43 | Crear | Villager (Male) |
| 6:45 | Investigar | Feudal Age |
| 6:45 | Investigar | Feudal Age |
| 8:23 | Construir | Barracks |
| 8:31 | Crear | Villager (Male) |
| 8:33 | Construir | Mining Camp |
| 8:52 | Construir | House |
| 8:58 | Edad | Edad Feudal |
| 9:02 | Investigar | Double-Bit Axe |
| 9:03 | Investigar | Double-Bit Axe |
| 9:03 | Crear | Villager (Male) |
| 9:06 | Construir | Archery Range |
| 9:22 | Crear | Villager (Male) |
| 9:42 | Crear | Villager (Male) |
| 9:49 | Crear | Archer |
| 9:53 | Crear | Villager (Male) |
| 10:02 | Construir | Farm |
| 10:11 | Construir | House |
| 10:19 | Construir | Archery Range |
| 10:21 | Crear | Archer |
| 10:22 | Crear | Villager (Male) |
| 10:50 | Crear | Villager (Male) |
| 11:10 | Crear | Archer |
| 11:17 | Construir | Farm |
| 11:19 | Construir | Farm |
| 11:30 | Construir | House |
| 11:34 | Crear | Archer |
| 11:54 | Crear | Villager (Male) |
| 11:59 | Construir | Farm |
| 12:00 | Crear | Archer |
| 12:02 | Crear | Villager (Male) |
| 12:09 | Construir | Farm |
| 12:27 | Construir | Blacksmith |
| 12:32 | Crear | Archer |
| 12:34 | Crear | Villager (Male) |
| 12:47 | Construir | House |
| 12:55 | Crear | Archer |
| 13:01 | Crear | Skirmisher |
| 13:09 | Construir | House |
| 13:15 | Crear | Skirmisher |
| 13:18 | Construir | Farm |
| 13:19 | Crear | Villager (Male) |
| 13:30 | Construir | Palisade Wall |
| 13:31 | Construir | Palisade Wall |
| 13:39 | Crear | Archer |
| 13:40 | Crear | Villager (Male) |
| 13:44 | Construir | House |
| 13:54 | Crear | Archer |
| 14:02 | Crear | Villager (Male) |
| 14:29 | Crear | Villager (Male) |
| 14:41 | Crear | Archer |
| 14:48 | Construir | House |
| 14:56 | Crear | Archer |
| 15:12 | Crear | Archer |
| 15:13 | Crear | Archer |
| 15:15 | Crear | Villager (Male) |
| 15:18 | Construir | Farm |
| 15:21 | Construir | Farm |
| 15:28 | Crear | Archer |
| 15:35 | Investigar | Fletching |
| 15:35 | Investigar | Fletching |
| 15:47 | Crear | Villager (Male) |
| 15:47 | Crear | Villager (Male) |
| 15:49 | Construir | Farm |
| 15:58 | Crear | Archer |
| 15:59 | Crear | Villager (Male) |
| 16:02 | Construir | Farm |
| 16:04 | Construir | Farm |
| 16:07 | Construir | Farm |
| 16:09 | Crear | Archer |
| 16:12 | Crear | Villager (Male) |
| 16:30 | Crear | Archer |
| 16:32 | Crear | Villager (Male) |
| 16:35 | Construir | Farm |
| 16:49 | Crear | Archer |
| 16:52 | Construir | Farm |
| 16:54 | Construir | House |
| 17:11 | Construir | Palisade Gate |
| 17:11 | Crear | Villager (Male) |
| 17:17 | Construir | House |
| 17:18 | Construir | House |
| 17:27 | Crear | Archer |
| 17:38 | Construir | Farm |
| 17:39 | Crear | Villager (Male) |
| 17:57 | Construir | Farm |
| 18:00 | Crear | Villager (Male) |
| 18:07 | Construir | Palisade Wall |
| 18:21 | Crear | Archer |
| 18:42 | Crear | Archer |
| 18:43 | Crear | Villager (Male) |
| 19:00 | Investigar | Padded Archer Armor |
| 19:00 | Investigar | Padded Archer Armor |
| 19:06 | Crear | Archer |
| 19:08 | Crear | Villager (Male) |
| 20:25 | Investigar | Castle Age |
| 20:26 | Investigar | Castle Age |
| 20:28 | Construir | Farm |
| 20:47 | Crear | Archer |
| 20:47 | Crear | Archer |
| 21:16 | Construir | Farm |
| 21:18 | Construir | Lumber Camp |
| 21:45 | Crear | Skirmisher |
| 21:49 | Construir | House |
| 22:20 | Crear | Skirmisher |
| 22:20 | Crear | Skirmisher |
| 23:04 | Crear | Archer |
| 23:04 | Crear | Archer |
| 23:05 | Edad | Edad de los Castillos |
| 23:18 | Investigar | Bodkin Arrow |
| 23:18 | Investigar | Bodkin Arrow |
| 23:29 | Investigar | Crossbowman (upgrade) |
| 23:29 | Crear | Villager (Male) |
| 23:30 | Crear | Archer |
| 23:39 | Crear | Villager (Male) |
| 23:47 | Crear | Archer |
| 23:47 | Crear | Archer |
| 23:48 | Crear | Villager (Male) |
| 23:56 | Crear | Archer |
| 24:03 | Crear | Militia |
| 24:03 | Crear | Militia |
| 24:07 | Construir | Monastery |
| 24:10 | Construir | Barracks |
| 24:13 | Crear | Archer |
| 24:16 | Investigar | Scale Mail Armor |
| 24:20 | Construir | Barracks |
| 24:22 | Investigar | Man-at-Arms (upgrade) |
Build order — Wingardium Leviosa
Primeras 150 de 229 acciones detectadas
| 0:00 | Investigar | Loom |
| 0:01 | Investigar | Loom |
| 0:02 | Construir | House |
| 0:02 | Construir | House |
| 0:13 | Crear | Villager (Male) |
| 0:14 | Crear | Villager (Male) |
| 0:25 | Crear | Villager (Male) |
| 1:16 | Crear | Villager (Male) |
| 1:16 | Crear | Villager (Male) |
| 1:48 | Construir | Lumber Camp |
| 2:01 | Crear | Villager (Male) |
| 2:01 | Crear | Villager (Male) |
| 2:21 | Crear | Villager (Male) |
| 2:21 | Crear | Villager (Male) |
| 2:51 | Crear | Villager (Male) |
| 2:59 | Crear | Villager (Male) |
| 3:44 | Crear | Villager (Male) |
| 3:53 | Construir | House |
| 4:01 | Crear | Villager (Male) |
| 4:06 | Crear | Villager (Male) |
| 4:33 | Construir | Barracks |
| 4:37 | Crear | Villager (Male) |
| 4:53 | Crear | Villager (Male) |
| 5:10 | Construir | House |
| 5:18 | Construir | House |
| 5:31 | Crear | Militia |
| 5:32 | Crear | Militia |
| 5:35 | Crear | Villager (Male) |
| 5:53 | Crear | Villager (Male) |
| 6:08 | Construir | Mill |
| 6:09 | Crear | Villager (Male) |
| 6:41 | Crear | Villager (Male) |
| 6:42 | Crear | Villager (Male) |
| 6:48 | Construir | House |
| 6:48 | Crear | Villager (Male) |
| 8:06 | Construir | Mining Camp |
| 8:17 | Investigar | Feudal Age |
| 8:54 | Construir | House |
| 8:58 | Construir | Palisade Wall |
| 9:05 | Crear | Militia |
| 9:14 | Crear | Militia |
| 9:20 | Construir | House |
| 9:47 | Crear | Villager (Male) |
| 10:30 | Edad | Edad Feudal |
| 10:35 | Investigar | Man-at-Arms (upgrade) |
| 10:36 | Crear | Villager (Male) |
| 10:38 | Construir | Archery Range |
| 10:41 | Investigar | Double-Bit Axe |
| 10:50 | Construir | House |
| 11:05 | Crear | Villager (Male) |
| 11:08 | Construir | Blacksmith |
| 11:25 | Crear | Villager (Male) |
| 11:27 | Crear | Archer |
| 11:29 | Construir | House |
| 11:29 | Crear | Villager (Male) |
| 11:31 | Construir | Farm |
| 11:44 | Construir | House |
| 11:45 | Construir | House |
| 11:51 | Crear | Villager (Male) |
| 11:56 | Crear | Archer |
| 12:00 | Construir | House |
| 12:02 | Construir | Farm |
| 12:12 | Construir | Palisade Wall |
| 12:15 | Crear | Villager (Male) |
| 12:18 | Crear | Archer |
| 12:22 | Investigar | Fletching |
| 12:22 | Crear | Villager (Male) |
| 12:25 | Construir | Farm |
| 12:35 | Construir | Palisade Wall |
| 12:37 | Crear | Villager (Male) |
| 12:44 | Construir | Farm |
| 12:46 | Construir | Farm |
| 13:04 | Crear | Villager (Male) |
| 13:04 | Crear | Villager (Male) |
| 13:06 | Construir | Farm |
| 13:18 | Crear | Villager (Male) |
| 13:21 | Construir | House |
| 13:30 | Crear | Archer |
| 13:33 | Construir | Farm |
| 13:56 | Crear | Villager (Male) |
| 13:56 | Crear | Villager (Male) |
| 14:01 | Construir | Palisade Wall |
| 14:02 | Crear | Archer |
| 14:29 | Crear | Villager (Male) |
| 14:35 | Crear | Archer |
| 14:35 | Crear | Villager (Male) |
| 14:39 | Construir | Farm |
| 14:40 | Construir | Farm |
| 14:42 | Construir | Farm |
| 14:46 | Crear | Villager (Male) |
| 14:53 | Construir | House |
| 14:54 | Crear | Villager (Male) |
| 14:57 | Construir | Farm |
| 14:57 | Crear | Villager (Male) |
| 15:11 | Crear | Archer |
| 15:11 | Crear | Villager (Male) |
| 15:15 | Crear | Villager (Male) |
| 15:22 | Construir | Farm |
| 15:25 | Construir | House |
| 15:32 | Crear | Archer |
| 15:44 | Crear | Villager (Male) |
| 15:52 | Crear | Archer |
| 15:57 | Construir | Farm |
| 16:18 | Crear | Archer |
| 16:36 | Crear | Villager (Male) |
| 16:41 | Crear | Skirmisher |
| 16:42 | Crear | Villager (Male) |
| 16:51 | Construir | Mining Camp |
| 16:59 | Construir | Lumber Camp |
| 17:03 | Crear | Villager (Male) |
| 17:29 | Crear | Skirmisher |
| 17:30 | Crear | Villager (Male) |
| 17:36 | Construir | Farm |
| 18:10 | Construir | Palisade Gate |
| 18:18 | Investigar | Castle Age |
| 18:18 | Investigar | Castle Age |
| 18:19 | Crear | Archer |
| 18:32 | Construir | Palisade Gate |
| 19:00 | Crear | Skirmisher |
| 19:01 | Crear | Villager (Male) |
| 19:09 | Investigar | Padded Archer Armor |
| 19:13 | Construir | House |
| 19:17 | Construir | House |
| 19:22 | Crear | Skirmisher |
| 19:23 | Crear | Villager (Male) |
| 19:43 | Crear | Skirmisher |
| 20:07 | Crear | Skirmisher |
| 20:24 | Crear | Villager (Male) |
| 20:30 | Construir | Market |
| 20:58 | Edad | Edad de los Castillos |
| 21:08 | Investigar | Eagle Warrior (upgrade) |
| 21:09 | Investigar | Squires |
| 21:12 | Construir | Barracks |
| 21:13 | Crear | Villager (Male) |
| 21:20 | Crear | Skirmisher |
| 21:31 | Crear | Eagle Scout |
| 21:50 | Investigar | Scale Mail Armor |
| 21:51 | Crear | Eagle Scout |
| 21:51 | Crear | Eagle Scout |
| 22:03 | Crear | Eagle Scout |
| 22:04 | Crear | Eagle Scout |
| 22:12 | Crear | Eagle Scout |
| 22:21 | Crear | Villager (Male) |
| 22:22 | Crear | Villager (Male) |
| 22:35 | Crear | Villager (Male) |
| 22:44 | Crear | Eagle Scout |
| 22:47 | Construir | House |
| 23:00 | Crear | Skirmisher |
| 23:07 | Crear | Villager (Male) |
| 23:25 | Crear | Villager (Male) |
Cronología de la partida
| 4:33 | Wingardium Leviosa · first_building Barracks |
| 8:23 | wgxseed · first_building Barracks |
| 8:58 | wgxseed · age_up feudal |
| 8:58 | Wingardium Leviosa · wall_segment Palisade Wall x14 |
| 9:06 | wgxseed · first_building Archery Range |
| 10:30 | Wingardium Leviosa · age_up feudal |
| 10:38 | Wingardium Leviosa · first_building Archery Range |
| 12:12 | Wingardium Leviosa · wall_segment Palisade Wall x11 |
| 12:35 | Wingardium Leviosa · wall_segment Palisade Wall x6 |
| 13:30 | wgxseed · wall_segment Palisade Wall x2 |
| 13:31 | wgxseed · wall_segment Palisade Wall x1 |
| 14:01 | Wingardium Leviosa · wall_segment Palisade Wall x9 |
| 18:07 | wgxseed · wall_segment Palisade Wall x4 |
| 20:58 | Wingardium Leviosa · age_up castle |
| 23:05 | wgxseed · age_up castle |
| 24:07 | wgxseed · first_building Monastery |
| 26:37 | wgxseed · wall_segment Palisade Wall x6 |
| 26:41 | wgxseed · wall_segment Palisade Wall x1 |
| 29:08 | Wingardium Leviosa · resign |
[ ANÁLISIS IA · 1 CRÉDITO ]
¿Qué pasó realmente en esta partida?
Wolo.gg analiza cada decisión: build order, eco, micro, errores típicos por bracket. Análisis personalizado por WhatsApp o Discord en 30 segundos.
Guía civ
Chinos
Perfil
Jugador #2911169